Construct Section Command Post
Selects Australian Defense Battlegroup
Selects Australian Light Infantry Section
Australian Light Infantry Section
Construct Field Infirmary
Construct Platoon Command Post
Selects 2-pounder Anti-tank Gun Team
Selects CMP 15cwt Supply Run
Australian Light Infantry Section
2-pounder Anti-tank Gun Team
Construct Company Command Post
2-pounder Anti-tank Gun Team
Selects Reinforced Resource Caches
Selects Vehicle Over Repair
Australian Light Infantry Section